 Dungeon Crawl Stone Soup version 0.29.0-4-gdea44cf6ec (webtiles) character file.

Game seed: 2984537402860173984

19778 qw the Cleaver (level 13, 0/103 HPs)
             Began as a Formicid Cinder Acolyte on Sept 3, 2022.
             Was an Initiate of Ignis.
             Slain by a culicivora (2 damage)
             ... on level 2 of the Lair of Beasts.
             The game lasted 00:06:22 (15745 turns).

qw the Cleaver (Formicid Cinder Acolyte)           Turns: 15745, Time: 00:06:22

Health: 0/103      AC: 25    Str: 23    XL:     13   Next: 7%
Magic:  14/14      EV:  7    Int: 15    God:    Ignis [......]
Gold:   554        SH:  5    Dex:  9    Spells: 14/14 levels left

rFire   + . .      SeeInvis +   Y - +2 executioner's axe (pain)
rCold   . . .      Faith    .   s - +0 buckler
rNeg    . . .      Spirit   .   q - +0 plate armour
rPois   .          Reflect  .   (helmet unavailable)
rElec   .          Harm     .   j - +0 cloak
rCorr   .          Rampage  .   p - +1 pair of gloves
Will    +....                   h - +2 pair of boots
Stlth   ..........              l - amulet of the acrobat
HPRegen 0.27/turn               d - +4 ring of protection
MPRegen 0.14/turn               g - +4 ring of slaying {mikee}

@: lethally poisoned (0 -> -1)
A: permanent stasis, dig shafts and tunnels, antennae 3, four strong arms
a: Dig, Shaft Self, Renounce Religion, Rising Flame


You were on level 2 of the Lair of Beasts.
You worshipped Ignis.
Ignis was noncommittal.
You visited 2 branches of the dungeon, and saw 13 of its levels.

You collected 851 gold pieces.
You spent 297 gold pieces at shops.


Innate Abilities, Weirdness & Mutations

You cannot be hasted, slowed, berserked, paralysed or teleported.
You can dig through walls and to a lower floor.
You have a pair of large antennae on your head. (SInv)
Your four strong arms can wield two-handed weapons with a shield.


   Skills:
 - Level 10.0 Fighting
 + Level 14.9 Axes
 - Level 5.0 Throwing
 - Level 9.5 Armour
 - Level 2.3 Dodging
 - Level 7.1 Shields
 - Level 1.1 Spellcasting
 - Level 3.0 Fire Magic


You had 14 spell levels left.
You didn't know any spells.
Your spell library contained the following spells:

 Spells                   Type           Power      Damage    Failure   Level
 Scorch                   Fire           18%        2d5       85%         2

Inventory:

Hand Weapons
 e - a +1 hand axe of flaming
 Y - a +2 executioner's axe of pain (weapon)
Missiles
 b - 5 boomerangs
 i - a silver boomerang
 o - a silver javelin (quivered)
Armour
 h - a +2 pair of boots (worn)
 j - a +0 cloak (worn)
 p - a +1 pair of gloves (worn)
 q - a +0 plate armour (worn)
 s - a +0 buckler (worn)
Jewellery
 d - a +4 ring of protection (left hand)
 g - a +4 ring of slaying (right hand) {mikee}
 k - a ring of resist corrosion
 l - an amulet of the acrobat (around neck)
Scrolls
 a - 4 scrolls of identify
Potions
 c - 3 potions of mutation
 m - 8 potions of curing
 u - a potion of might

Dungeon Overview and Level Annotations

Branches:
Dungeon (11/15)            Temple (0/1) D:5            Lair (2/5) D:11
 Spider (0/4) Lair:2          Orc (0/2) D:11
  Swamp: Lair:2-3    Shoals: Lair:2-3

Altars:
Fedhas
Hepliaklqana
Makhleb
Nemelex Xobeh
Okawaru
Trog
Vehumet
Wu Jian
Xom
Yredelemnul
Zin
The Shining One

Shops:
D:6 (   D:11 (

Annotations:
D:4 1 runed translucent door, 2 transporters, Crazy Yiuf; qw's ghost, amateur OgEn
D:10 2 transporters, Veunoc's ghost, journeyman TeWr


Message History

The culicivora draws strength from your injuries!
The redback bites you but does no damage.
You slice the redback!!
You kill the redback!
You hit the culicivora.
You feel very sick.
The culicivora bites you but does no damage.
The culicivora bites you!
The culicivora draws strength from your injuries!
15738 ||| DRINKING potion of heal wounds.
You feel much better.
You feel very sick. The culicivora bites you.
The culicivora draws strength from your injuries!
You closely miss the culicivora.
You feel very sick.
The culicivora bites you but does no damage.
The culicivora closely misses you.
You barely miss the culicivora.
You feel sick. The culicivora closely misses you. x2
You miss the culicivora.
You feel sick. The culicivora bites you.
The culicivora draws strength from your injuries!
The culicivora bites you but does no damage.
You slice the culicivora!!
The culicivora is severely wounded.
You feel sick. You block the culicivora's attack.
You hit the culicivora.
The culicivora is severely wounded.
You feel sick. You block the culicivora's attack. The culicivora bites you!
The culicivora draws strength from your injuries!
You hit the culicivora.
The culicivora is heavily wounded.
You feel sick. The culicivora bites you.
The culicivora draws strength from your injuries!
The culicivora bites you but does no damage.
You barely miss the culicivora.
The culicivora is moderately wounded.
You feel sick. The culicivora bites you.
You die...

#######.##..#..........#
#.######.........##
###....##.........#
#.>..###......##
#...^^.#......#
#^^.^.##.....#
#.^^.^##....#
#^.%s^##%### #^@^...#
###....# ##...# #...##
#....# ##..## ####


You could see a culicivora.

Vanquished Creatures
  A boulder beetle (Lair:1)
  Harold (D:9)
  Erolcha (D:10)
  A hydra (Lair:1)
  A catoblepas (Lair:2)
  A centaur warrior (D:10)
  2 two-headed ogres
  A deep troll (Lair:1)
  A glowing orange brain (shapeshifter) (D:10)
  A manticore (D:10)
  A cyclops (D:10)
  Maurice (D:9)
  A molten gargoyle (Lair:2)
  2 centaur zombies (D:10)
  3 cane toads
  Psyche (D:10)
  2 komodo dragons (Lair:1)
  An unseen horror (D:10)
  2 trolls
  A polar bear (Lair:2)
  2 hornets (D:9)
  Grinder (D:4)
  Sigmund (D:5)
  A steam dragon (D:9)
  2 fire bats (Lair:2)
  5 yaks (Lair:1)
  A wyvern (Lair:1)
  A wraith (D:11)
  2 basilisks
  2 redbacks (Lair:2)
  Edmund (D:4)
  7 water moccasins
  Duvessa (D:6)
  4 sky beasts
  3 orc warriors
  4 ice beasts
  2 black bears (D:6)
  11 wolves (Lair:1)
  3 ogres
  2 centaurs
  4 phantoms
  6 bullfrogs
  A necrophage (D:7)
  A gnoll sergeant (D:9)
  Blork the orc (D:5)
  A scorpion (D:6)
  Dowan (D:6)
  21 killer bees
  8 howler monkeys
  An electric eel (Lair:2)
  2 jellies
  5 orc priests
  2 gnoll boudas
  3 hounds
  10 orc wizards
  3 iguanas
  Robin (D:4)
  8 adders
  12 gnolls
  2 white imps
  An ufetubus (D:5)
  29 orcs
  9 endoplasms
  4 giant cockroaches
  13 goblins
  10 hobgoblins
  4 jackals (D:1)
  4 quokkas
  7 ball pythons
  5 bats
  5 frilled lizards
  4 kobolds
  4 rats
274 creatures vanquished.

Vanquished Creatures (others)
  5 fungi (Lair:2)
  12 plants
17 creatures vanquished.

Grand Total: 291 creatures vanquished

Notes
Turn   | Place    | Note
-------+----------+-------------------------------------------
     0 | D:1      | qw the Formicid Cinder Acolyte began the quest for the Orb.
     0 | D:1      | Reached XP level 1. HP: 18/18 MP: 2/2
     0 | D:1      | 0 ||| qw: Version: 0.1-a-102-g441f92d
     0 | D:1      | 0 ||| qw: Game counter: 5174
     0 | D:1      | 0 ||| qw: Always use a shield: true
     0 | D:1      | 0 ||| qw: God list: Okawaru
     0 | D:1      | 0 ||| qw: Allow faded altars: false
     0 | D:1      | 0 ||| qw: Do Orc after D:15 true
     0 | D:1      | 0 ||| qw: Do second Lair branch before Depths: true
     0 | D:1      | 0 ||| qw: Lair rune preference: random
     0 | D:1      | 0 ||| qw: Plans: Normal
     0 | D:1      | 0 ||| PLANNING D:1-11
    17 | D:1      | 17 ||| INVOKING Fiery Armour.
   236 | D:1      | 236 ||| INVOKING Fiery Armour.
   241 | D:1      | 241 ||| Stepping ~*~*~tactically~*~*~ (stealth).
   420 | D:1      | 420 ||| Stepping ~*~*~tactically~*~*~ (stealth).
   423 | D:1      | Reached XP level 2. HP: 23/24 MP: 3/3
   641 | D:1      | 641 ||| Stepping ~*~*~tactically~*~*~ (stealth).
   687 | D:1      | 687 ||| Stepping ~*~*~tactically~*~*~ (stealth).
   839 | D:1      | 839 ||| Stepping ~*~*~tactically~*~*~ (stealth).
  1019 | D:1      | Reached skill level 4 in Axes
  1019 | D:1      | Reached XP level 3. HP: 24/29 MP: 4/4
  1180 | D:1      | Found a faded altar of an unknown god.
  1629 | D:1      | 1629 ||| READING 2 scrolls labelled UCKESH FIHUE.
  1630 | D:1      | 1630 ||| DRINKING 2 purple potions.
  1631 | D:1      | 1631 ||| DRINKING 2 blue potions.
  1632 | D:1      | 1632 ||| DROPPING potion of invisibility.
  1773 | D:2      | 1773 ||| INVOKING Fiery Armour.
  1774 | D:2      | Reached skill level 1 in Dodging
  1775 | D:2      | HP: 7/29 [poisoned by an adder]
  1779 | D:2      | HP: 3/29 [poisoned by an adder]
  2277 | D:2      | 2277 ||| Stepping ~*~*~tactically~*~*~ (stealth).
  2278 | D:2      | 2278 ||| Stepping ~*~*~tactically~*~*~ (stealth).
  2332 | D:2      | 2332 ||| Stepping ~*~*~tactically~*~*~ (stealth).
  2337 | D:2      | 2337 ||| Stepping ~*~*~tactically~*~*~ (stealth).
  2412 | D:2      | Reached XP level 4. HP: 35/35 MP: 5/5
  2664 | D:2      | 2664 ||| FLEEEEING.
  2727 | D:2      | 2727 ||| Stepping ~*~*~tactically~*~*~ (stealth).
  2730 | D:2      | 2730 ||| Stepping ~*~*~tactically~*~*~ (stealth).
  2731 | D:2      | 2731 ||| Stepping ~*~*~tactically~*~*~ (stealth).
  2733 | D:2      | 2733 ||| Stepping ~*~*~tactically~*~*~ (stealth).
  2734 | D:2      | 2734 ||| Stepping ~*~*~tactically~*~*~ (stealth).
  3014 | D:2      | 3014 ||| UPGRADING to +0 chain mail.
  3024 | D:2      | 3024 ||| DROPPING +0 robe.
  3025 | D:2      | 3025 ||| READING scroll labelled ASONEPREOGG.
  3026 | D:2      | 3026 ||| READING scroll labelled ELONIBR QACHE.
  3027 | D:2      | 3027 ||| READING scroll labelled VEHIEH WELINAF.
  3028 | D:2      | 3028 ||| DRINKING 2 brown potions.
  3029 | D:2      | 3029 ||| READING 2 scrolls of identify.
  3029 | D:2      | 3029 ||| IDENTIFYING golden potion
  3030 | D:2      | 3030 ||| DROPPING potion of brilliance.
  3031 | D:2      | 3031 ||| DROPPING potion of attraction.
  3032 | D:2      | 3032 ||| Stepping randomly (stuck).
  3033 | D:2      | 3033 ||| Stepping ~*~*~tactically~*~*~ (cloud).
  3308 | D:3      | Found a bloodstained altar of Trog.
  3461 | D:3      | Found a glowing silver altar of Zin.
  3496 | D:3      | 3496 ||| Stepping ~*~*~tactically~*~*~ (hiding).
  3502 | D:3      | 3502 ||| INVOKING Fiery Armour.
  3505 | D:3      | Reached skill level 1 in Armour
  3505 | D:3      | Reached XP level 5. HP: 41/41 MP: 6/6
  3514 | D:3      | Reached skill level 5 in Axes
  3563 | D:3      | 3563 ||| SWAPPING to +0 broad axe.
  3616 | D:3      | 3616 ||| Stepping ~*~*~tactically~*~*~ (stealth).
  3618 | D:3      | Found a shimmering altar of Xom.
  3637 | D:3      | Found an iron altar of Okawaru.
  3638 | D:3      | Found a hazy altar of Hepliaklqana.
  3840 | D:3      | Found a radiant altar of Vehumet.
  3935 | D:3      | 3935 ||| UPGRADING to +4 ring of protection.
  3953 | D:4      | Noticed Edmund
  3965 | D:4      | HP: 7/41 [Edmund/+1 dire flail of protection (10)]
  3966 | D:4      | 3966 ||| DRINKING 2 potions of heal wounds.
  3972 | D:4      | 3972 ||| INVOKING Fiery Armour.
  3974 | D:4      | Killed Edmund
  3975 | D:4      | Reached skill level 3 in Throwing
  3975 | D:4      | Reached XP level 6. HP: 19/47 MP: 7/7
  3975 | D:4      | 3975 ||| STAIRDANCE
  4197 | D:4      | Found a runed translucent door.
  4198 | D:4      | Noticed Crazy Yiuf
  4256 | D:4      | 4256 ||| FLEEEEING.
  4257 | D:4      | 4257 ||| FLEEEEING.
  4258 | D:4      | 4258 ||| FLEEEEING.
  4292 | D:4      | Found a transporter.
  4292 | D:4      | Noticed qw's ghost (amateur OgEn)
  4350 | D:4      | Reached skill level 6 in Axes
  4350 | D:4      | Reached XP level 7. HP: 39/52 MP: 8/8
  4427 | D:4      | 4427 ||| Stepping ~*~*~tactically~*~*~ (stealth).
  4428 | D:4      | Noticed Robin
  4429 | D:4      | 4429 ||| Stepping ~*~*~tactically~*~*~ (hiding).
  4439 | D:4      | Killed Robin
  4440 | D:4      | 4440 ||| Stepping ~*~*~tactically~*~*~ (stealth).
  4545 | D:4      | Noticed Grinder
  4556 | D:4      | 4556 ||| FLEEEEING.
  4557 | D:4      | 4557 ||| FLEEEEING.
  4558 | D:4      | 4558 ||| FLEEEEING.
  4559 | D:4      | 4559 ||| FLEEEEING.
  4560 | D:4      | 4560 ||| FLEEEEING.
  4561 | D:4      | 4561 ||| FLEEEEING.
  4563 | D:4      | 4563 ||| FLEEEEING.
  4564 | D:4      | 4564 ||| FLEEEEING.
  4565 | D:4      | 4565 ||| FLEEEEING.
  4566 | D:4      | 4566 ||| FLEEEEING.
  4567 | D:4      | 4567 ||| STAIRDANCE
  4706 | D:3      | 4706 ||| UPGRADING to +0 cloak.
  4711 | D:3      | 4711 ||| DROPPING amulet of magic regeneration.
  4712 | D:3      | 4712 ||| READING 2 scrolls of identify.
  4712 | D:3      | 4712 ||| IDENTIFYING pink potion
  4713 | D:3      | 4713 ||| DROPPING potion of lignification.
  4723 | D:4      | 4723 ||| Stepping ~*~*~tactically~*~*~ (hiding).
  4738 | D:4      | Killed Grinder
  4836 | D:4      | You fall into a shaft and drop 2 floors!
  4906 | D:6      | Reached XP level 8. HP: 63/63 MP: 9/9
  5102 | D:6      | Reached skill level 7 in Axes
  5184 | D:6      | Reached skill level 3 in Armour
  5368 | D:6      | 5368 ||| DROPPING ring of flight.
  5369 | D:6      | 5369 ||| DRINKING 3 green potions.
  5378 | D:5      | Entered Level 5 of the Dungeon
  5380 | D:5      | Noticed Sigmund
  5385 | D:5      | Reached skill level 8 in Axes
  5389 | D:5      | Killed Sigmund
  5415 | D:5      | 5415 ||| Stepping ~*~*~tactically~*~*~ (stealth).
  5416 | D:5      | 5416 ||| Stepping ~*~*~tactically~*~*~ (stealth).
  5459 | D:5      | Reached XP level 9. HP: 59/68 MP: 10/10
  5464 | D:5      | 5464 ||| INVOKING Fiery Armour.
  5472 | D:5      | Reached skill level 9 in Axes
  5474 | D:5      | Noticed Blork the orc
  5476 | D:5      | 5476 ||| Stepping ~*~*~tactically~*~*~ (hiding).
  5479 | D:5      | Killed Blork the orc
  5480 | D:5      | Reached skill level 6 in Fighting
  5490 | D:5      | 5490 ||| Stepping ~*~*~tactically~*~*~ (stealth).
  5536 | D:5      | 5536 ||| Stepping ~*~*~tactically~*~*~ (stealth).
  5796 | D:4      | Found a transporter.
  5995 | D:4      | 5995 ||| Stepping ~*~*~tactically~*~*~ (stealth).
  5998 | D:4      | 5998 ||| Stepping ~*~*~tactically~*~*~ (stealth).
  5999 | D:4      | 5999 ||| Stepping ~*~*~tactically~*~*~ (stealth).
  6029 | D:4      | 6029 ||| Stepping ~*~*~tactically~*~*~ (stealth).
  6035 | D:4      | 6035 ||| Stepping ~*~*~tactically~*~*~ (stealth).
  6051 | D:4      | 6051 ||| DROPPING +0 hand axe of flaming.
  6148 | D:4      | 6148 ||| READING 2 scrolls of identify.
  6148 | D:4      | 6148 ||| IDENTIFYING ruby potion
  6149 | D:4      | 6149 ||| DROPPING potion of degeneration.
  6247 | D:5      | 6247 ||| Stepping ~*~*~tactically~*~*~ (stealth).
  6265 | D:5      | Found a burning altar of Makhleb.
  6490 | D:5      | Found a staircase to the Ecumenical Temple.
  6607 | D:5      | Found a glowing golden altar of the Shining One.
  6696 | D:5      | 6696 ||| UPGRADING to +0 pair of boots.
  6701 | D:5      | 6701 ||| READING 2 scrolls labelled HIG MAARUFRU.
  6702 | D:5      | 6702 ||| READING scroll of enchant armour.
  6702 | D:5      | 6702 ||| ENCHANTING +0 pair of boots.
  6790 | D:6      | Reached skill level 10 in Axes
  6911 | D:6      | Noticed Duvessa
  6911 | D:6      | Noticed Dowan
  6912 | D:6      | 6912 ||| INVOKING Fiery Armour.
  6917 | D:6      | Killed Dowan
  6921 | D:6      | Killed Duvessa
  7268 | D:6      | Found Abrutt's Weapon Shop.
  7283 | D:6      | 7283 ||| BUYING +3 battleaxe of venom (297 gold).
  7283 | D:6      | Bought a +3 battleaxe of venom for 297 gold pieces
  7283 | D:6      | 7283 ||| SWAPPING to +3 battleaxe of venom.
  7284 | D:6      | 7284 ||| DROPPING +0 broad axe.
  7309 | D:6      | 7309 ||| UPGRADING to +0 plate armour.
  7319 | D:6      | 7319 ||| DROPPING +0 chain mail.
  7320 | D:6      | 7320 ||| READING 2 scrolls labelled WOCIOCA FOUK.
  7321 | D:6      | 7321 ||| READING 2 scrolls of identify.
  7321 | D:6      | 7321 ||| IDENTIFYING smoky grey potion
  7322 | D:6      | 7322 ||| DROPPING scroll of noise.
  7391 | D:7      | 7391 ||| Stepping ~*~*~tactically~*~*~ (stealth).
  7420 | D:7      | 7420 ||| READING scroll of enchant armour.
  7420 | D:7      | 7420 ||| ENCHANTING +1 pair of boots.
  7428 | D:7      | 7428 ||| Stepping ~*~*~tactically~*~*~ (hiding).
  7534 | D:7      | 7534 ||| Stepping ~*~*~tactically~*~*~ (stealth).
  7567 | D:7      | Found a blossoming altar of Fedhas.
  7587 | D:7      | 7587 ||| Stepping ~*~*~tactically~*~*~ (stealth).
  7593 | D:7      | 7593 ||| Stepping ~*~*~tactically~*~*~ (hiding).
  7594 | D:7      | 7594 ||| Stepping ~*~*~tactically~*~*~ (hiding).
  7607 | D:7      | Reached XP level 10. HP: 79/79 MP: 11/11
  7609 | D:7      | Reached skill level 6 in Armour
  7750 | D:7      | 7750 ||| Stepping ~*~*~tactically~*~*~ (hiding).
  7752 | D:7      | 7752 ||| Stepping ~*~*~tactically~*~*~ (hiding).
  7959 | D:7      | 7959 ||| Stepping ~*~*~tactically~*~*~ (hiding).
  8283 | D:7      | 8283 ||| UPGRADING to +0 pair of gloves.
  8288 | D:7      | 8288 ||| UPGRADING to +4 ring of slaying {mikee}.
  8289 | D:7      | 8289 ||| DRINKING 2 bubbling brown potions.
  8351 | D:8      | 8351 ||| Stepping ~*~*~tactically~*~*~ (hiding).
  8474 | D:8      | 8474 ||| READING scroll of enchant armour.
  8474 | D:8      | 8474 ||| ENCHANTING +0 pair of gloves.
  8616 | D:8      | Reached skill level 11 in Axes
  8642 | D:8      | 8642 ||| Stepping ~*~*~tactically~*~*~ (stealth).
  8643 | D:8      | 8643 ||| Stepping ~*~*~tactically~*~*~ (stealth).
  8645 | D:8      | 8645 ||| Stepping ~*~*~tactically~*~*~ (hiding).
  8708 | D:8      | 8708 ||| READING scroll of enchant weapon.
  8708 | D:8      | 8708 ||| ENCHANTING +3 battleaxe of venom.
  8744 | D:8      | 8744 ||| Stepping ~*~*~tactically~*~*~ (stealth).
  8851 | D:8      | 8851 ||| Stepping ~*~*~tactically~*~*~ (stealth).
  8854 | D:8      | 8854 ||| Stepping ~*~*~tactically~*~*~ (stealth).
  9071 | D:8      | 9071 ||| UPGRADING to +0 buckler.
  9076 | D:8      | 9076 ||| READING scroll labelled REMIEPNY UMUMI.
  9077 | D:8      | 9077 ||| READING scroll labelled NUNTYA SATI.
  9156 | D:9      | Reached skill level 1 in Shields
  9307 | D:9      | 9307 ||| Stepping ~*~*~tactically~*~*~ (hiding).
  9415 | D:9      | 9415 ||| Stepping ~*~*~tactically~*~*~ (hiding).
  9417 | D:9      | 9417 ||| Stepping ~*~*~tactically~*~*~ (hiding).
  9449 | D:9      | 9449 ||| Stepping ~*~*~tactically~*~*~ (hiding).
  9768 | D:9      | Noticed Harold
  9777 | D:9      | Killed Harold
  9778 | D:9      | Reached skill level 6 in Shields
  9785 | D:9      | 9785 ||| Stepping ~*~*~tactically~*~*~ (hiding).
  9789 | D:9      | 9789 ||| INVOKING Fiery Armour.
  9791 | D:9      | 9791 ||| Stepping ~*~*~tactically~*~*~ (hiding).
 10138 | D:9      | 10138 ||| Stepping ~*~*~tactically~*~*~ (stealth).
 10154 | D:9      | Noticed a two-headed ogre
 10162 | D:9      | Killed a two-headed ogre
 10163 | D:9      | Reached XP level 11. HP: 60/86 MP: 12/12
 10305 | D:9      | Found a sparkling altar of Nemelex Xobeh.
 10309 | D:9      | Noticed Maurice
 10326 | D:9      | Killed Maurice
 10615 | D:9      | 10615 ||| READING scroll labelled MODULU ULOTOW.
 10616 | D:9      | 10616 ||| DRINKING 2 murky ruby potions.
 10617 | D:9      | 10617 ||| READING 2 scrolls of identify.
 10617 | D:9      | 10617 ||| IDENTIFYING white potion
 10618 | D:9      | 10618 ||| DROPPING potion of flight.
 10663 | D:10     | Entered Level 10 of the Dungeon
 10663 | D:10     | Noticed Psyche
 10664 | D:10     | 10664 ||| STAIRDANCE
 10670 | D:10     | 10670 ||| STAIRDANCE
 10815 | D:10     | Killed Psyche
 10916 | D:10     | Noticed a manticore
 10918 | D:10     | 10918 ||| INVOKING Fiery Armour.
 10925 | D:10     | Killed a manticore
 10926 | D:10     | Reached skill level 12 in Axes
 10933 | D:10     | 10933 ||| Stepping ~*~*~tactically~*~*~ (stealth).
 11000 | D:10     | Found a basalt altar of Yredelemnul.
 11052 | D:10     | Noticed a cyclops
 11056 | D:10     | 11056 ||| FLEEEEING.
 11057 | D:10     | 11057 ||| FLEEEEING.
 11058 | D:10     | 11058 ||| FLEEEEING.
 11059 | D:10     | 11059 ||| FLEEEEING.
 11060 | D:10     | 11060 ||| FLEEEEING.
 11061 | D:10     | 11061 ||| FLEEEEING.
 11062 | D:10     | 11062 ||| FLEEEEING.
 11063 | D:10     | 11063 ||| FLEEEEING.
 11064 | D:10     | 11064 ||| FLEEEEING.
 11081 | D:10     | 11081 ||| FLEEEEING.
 11082 | D:10     | 11082 ||| FLEEEEING.
 11083 | D:10     | 11083 ||| FLEEEEING.
 11084 | D:10     | 11084 ||| FLEEEEING.
 11090 | D:10     | 11090 ||| STAIRDANCE
 11175 | D:9      | 11175 ||| READING scroll labelled FAZ DON RUITI.
 11180 | D:10     | Killed a cyclops
 11205 | D:10     | Found an ornate altar of the Wu Jian Council.
 11313 | D:10     | Noticed a centaur warrior
 11314 | D:10     | 11314 ||| Stepping ~*~*~tactically~*~*~ (stealth).
 11315 | D:10     | 11315 ||| Stepping ~*~*~tactically~*~*~ (stealth).
 11319 | D:10     | 11319 ||| Stepping ~*~*~tactically~*~*~ (hiding).
 11321 | D:10     | 11321 ||| Stepping ~*~*~tactically~*~*~ (hiding).
 11326 | D:10     | Killed a centaur warrior
 11412 | D:10     | 11412 ||| READING scroll of enchant weapon.
 11412 | D:10     | 11412 ||| ENCHANTING +4 battleaxe of venom.
 11457 | D:10     | 11457 ||| Stepping ~*~*~tactically~*~*~ (stealth).
 11578 | D:10     | Noticed a centaur warrior
 11578 | D:10     | Noticed Veunoc's ghost (journeyman TeWr)
 11579 | D:10     | Found a transporter.
 11581 | D:10     | Noticed a deep elf pyromancer
 11623 | D:10     | Found a transporter.
 11625 | D:10     | Noticed Erolcha
 11626 | D:10     | 11626 ||| Stepping ~*~*~tactically~*~*~ (hiding).
 11627 | D:10     | 11627 ||| INVOKING Fiery Armour.
 11630 | D:10     | Killed Erolcha
 11631 | D:10     | Reached skill level 13 in Axes
 11725 | D:10     | Noticed a glowing orange brain
 11726 | D:10     | 11726 ||| Stepping ~*~*~tactically~*~*~ (hiding).
 11732 | D:10     | 11732 ||| INVOKING Fiery Armour.
 11736 | D:10     | Killed a glowing orange brain
 12012 | D:10     | 12012 ||| UPGRADING to amulet of the acrobat.
 12017 | D:10     | 12017 ||| READING 2 scrolls of identify.
 12017 | D:10     | 12017 ||| IDENTIFYING sapphire potion
 12018 | D:10     | 12018 ||| DROPPING potion of ambrosia.
 12058 | D:11     | 12058 ||| Stepping ~*~*~tactically~*~*~ (stealth).
 12066 | D:11     | Reached XP level 12. HP: 93/93 MP: 13/13
 12117 | D:11     | Found a staircase to the Orcish Mines.
 12349 | D:11     | Found Vuofamofu's Weapon Shoppe.
 12385 | D:11     | 12385 ||| Stepping ~*~*~tactically~*~*~ (stealth).
 12499 | D:11     | Found a staircase to the Lair.
 12629 | D:11     | Noticed a two-headed ogre
 12634 | D:11     | Killed a two-headed ogre
 12635 | D:11     | Reached skill level 9 in Fighting
 12838 | D:11     | 12838 ||| PLANNING LAIR
 12838 | D:11     | 12838 ||| READING scroll labelled XAIRUNIRUS.
 12838 | D:11     | Identified a scroll of acquirement
 12838 | D:11     | 12838 ||| ACQUIRING +2 executioner's axe of pain
 12838 | D:11     | Acquired a +2 executioner's axe of pain
 12840 | D:11     | 12840 ||| SWAPPING to +2 executioner's axe of pain.
 12841 | D:11     | 12841 ||| DROPPING +5 battleaxe of venom.
 12871 | Lair:1   | Entered Level 1 of the Lair of Beasts
 12907 | Lair:1   | 12907 ||| Stepping ~*~*~tactically~*~*~ (stealth).
 13274 | Lair:1   | 13274 ||| DRINKING 2 potions of cancellation.
 13299 | Lair:1   | Noticed a boulder beetle
 13300 | Lair:1   | 13300 ||| INVOKING Fiery Armour.
 13310 | Lair:1   | Killed a boulder beetle
 13311 | Lair:1   | Reached skill level 9 in Armour
 13405 | Lair:1   | 13405 ||| Stepping ~*~*~tactically~*~*~ (stealth).
 13434 | Lair:1   | 13434 ||| INVOKING Fiery Armour.
 13736 | Lair:1   | Noticed a deep troll
 13742 | Lair:1   | Killed a deep troll
 13743 | Lair:1   | Reached skill level 14 in Axes
 13957 | Lair:1   | Noticed a seven-headed hydra
 13960 | Lair:1   | 13960 ||| SWAPPING to +1 hand axe of flaming.
 13965 | Lair:1   | Killed a four-headed hydra
 13966 | Lair:1   | 13966 ||| SWAPPING to +2 executioner's axe of pain.
 14471 | Lair:1   | 14471 ||| PLANNING CONVERSION TO OKAWARU
 14704 | D:3      | 14704 ||| PLANNING D:1-11
 14704 | D:3      | 14704 ||| DROPPING scarf of invisibility.
 14705 | D:3      | 14705 ||| DROPPING +6 ring of dexterity.
 14706 | D:3      | 14706 ||| READING scroll labelled TAVAXZ CAWU.
 14707 | D:3      | 14707 ||| READING 3 scrolls of identify.
 14707 | D:3      | 14707 ||| IDENTIFYING bubbling green potion
 14708 | D:3      | 14708 ||| DROPPING potion of berserk rage.
 14731 | D:2      | 14731 ||| Stepping randomly (stuck).
 14732 | D:2      | 14732 ||| PLANNING LAIR
 15031 | Lair:2   | 15031 ||| Stepping ~*~*~tactically~*~*~ (hiding).
 15145 | Lair:2   | 15145 ||| Stepping ~*~*~tactically~*~*~ (hiding).
 15157 | Lair:2   | 15157 ||| DRINKING potion of cancellation.
 15350 | Lair:2   | Noticed a catoblepas
 15351 | Lair:2   | 15351 ||| Stepping ~*~*~tactically~*~*~ (cloud).
 15356 | Lair:2   | 15356 ||| Stepping ~*~*~tactically~*~*~ (cloud).
 15358 | Lair:2   | 15358 ||| Stepping ~*~*~tactically~*~*~ (cloud).
 15363 | Lair:2   | Killed a catoblepas
 15589 | Lair:2   | Reached XP level 13. HP: 99/103 MP: 14/14
 15726 | Lair:2   | Found a hole to the Spider Nest.
 15737 | Lair:2   | HP: 18/103 [culicivora (10)]
 15738 | Lair:2   | 15738 ||| DRINKING potion of heal wounds.
 15742 | Lair:2   | HP: 25/103 [poisoned by a redback]
 15743 | Lair:2   | HP: 9/103 [culicivora (15)]
 15744 | Lair:2   | HP: 3/103 [culicivora (6)]
 15745 | Lair:2   | Slain by a culicivora

Levels and vault maps discovered:
D:1:      dpeg_arrival_ternary, layout_loops_ring,
          hellmonk_ecumenical_altar_inner_sanctum,
          hangedman_abyss_or_decor_lesser_grid, minmay_misc_feat_plants,
          feat_on_display
D:2:      layout_loops_ring
D:3:      layout_rooms, grunt_temple_overflow_open, lemuel_crystal_altar,
          mainiacjoe_overflow_alcove_4
D:4:      layout_rooms, gammafunk_ghost_mausoleum, minmay_cupped, uniq_grinder,
          uniq_crazy_yiuf_cottage, uniq_robin, uniq_edmund
D:5:      layout_rooms, kennysheep_little_box, mainiacjoe_overflow_24_doors,
          minmay_temple_entry_fiery, uniq_blork_the_orc, uniq_sigmund
D:6:      layout_loops_corners, serial_shops, nicolae_lakefront_shop,
          uniq_duvessa
D:7:      layout_loops_cross, mainiacjoe_overflow_six_doors_small
D:8:      layout_loops_cross
D:9:      layout_basic, nemelex_xobeh_ov_fountains_minmay, uniq_maurice,
          uniq_harold
D:10:     minmay_bloctagon_deflated, layout_irregular_city,
          lemuel_zombie_altar_yredelemnul, mainiacjoe_overflow_boulevard,
          gammafunk_ghost_arena, uniq_psyche, uniq_erolcha
D:11:     layout_gridville, lair_entry_dummy, orc_0_dummy, serial_shops,
          nicolae_shop_hallway_stairs, kennysheep_generic_room_5
Lair:1:   dreamdust_cave_troll, layout_cave_pods
Lair:2:   layout_gridlike, minmay_shoals_entry_hut,
          spider_nest_entry_funnel_web, serial_bayou_shore_a

Skill      XL: |  1  2  3  4  5  6  7  8  9 10 11 12 |
---------------+-------------------------------------+-----
Axes           | 4 5 6 8 10 11 13 14 | 14.9
Dodging        | 1 2 |  2.3
Armour         | 1 2 3 5 7 8 9 |  9.5
Throwing       | 3 4 5 |  5.0
Fighting       | 5 7 8 10 | 10.0
Shields        | 6 7 |  7.1
Spellcasting   | |  1.1
Fire Magic     | |  3.0

Action                   |  1- 3 |  4- 6 |  7- 9 | 10-12 | 13-15 || total
-------------------------+-------+-------+-------+-------+-------++-------
Melee: Hand axe          |   133 |    44 |       |     3 |       ||   180
       Punch             |     1 |       |     3 |       |       ||     4
       Broad axe         |       |    55 |   176 |       |       ||   231
       Battleaxe         |       |       |    21 |   209 |       ||   230
       Executioner's axe |       |       |       |   102 |    22 ||   124
Throw: Javelin           |       |    13 |    35 |    63 |     8 ||   119
       Boomerang         |       |     5 |    12 |    11 |       ||    28
Invok: Fiery Armour      |     3 |     2 |     2 |     6 |       ||    13
  Use: Potion            |     2 |     2 |     1 |     4 |     1 ||    10
       Scroll            |     1 |     4 |     7 |    12 |       ||    24
Armor: Robe              |    37 |     1 |       |       |       ||    38
       Chain mail        |       |    50 |   108 |       |       ||   158
       Plate armour      |       |       |    14 |   258 |    12 ||   284
Dodge: Dodged            |    93 |    37 |    83 |   116 |    13 ||   342
Block: Buckler           |       |       |       |    56 |     7 ||    63

Table legend:
 A = Non-vault XP
 B = Vault XP
 C = Vault XP percentage of total XP
 D = Non-vault monster count
 E = Vault monster count
 F = Vault count percentage of total count
                 A         B        C        D         E       F
            +---------+---------+-------+---------+---------+-------
      Total |   18771 |    9484 |  33.6 |     237 |      37 |  13.5
            +---------+---------+-------+---------+---------+-------
        D:1 |      36 |       0 |   0.0 |      23 |       0 |   0.0
        D:2 |      63 |       0 |   0.0 |      17 |       0 |   0.0
        D:3 |     123 |       0 |   0.0 |      17 |       0 |   0.0
        D:4 |     306 |     571 |  65.1 |      15 |      17 |  53.1
        D:5 |     739 |     316 |  30.0 |      23 |       2 |   8.0
        D:6 |    1046 |     220 |  17.4 |      12 |       2 |  14.3
        D:7 |     913 |       0 |   0.0 |      14 |       0 |   0.0
        D:8 |    1039 |       0 |   0.0 |      16 |       0 |   0.0
        D:9 |    2385 |    1361 |  36.3 |      22 |       2 |   8.3
       D:10 |    1419 |    4789 |  77.1 |      18 |       8 |  30.8
       D:11 |    1229 |    1129 |  47.9 |      21 |       3 |  12.5
     Lair:1 |    6065 |     733 |  10.8 |      27 |       1 |   3.6
     Lair:2 |    3408 |     365 |   9.7 |      12 |       2 |  14.3
            +---------+---------+-------+---------+---------+-------
